 Dungeon Crawl Stone Soup version 0.30-a0-154-gb106f4c828 (webtiles) character file.

Game seed: 10990010347459004730

13805 Essalna the Destroyer (level 12, -4/78 HPs)
             Began as a Gargoyle Fire Elementalist on Sept 27, 2022.
             Was a Priest of Vehumet.
             Slain by a cane toad (14 damage)
             ... on level 1 of the Lair of Beasts.
             The game lasted 00:29:16 (15595 turns).

Essalna the Destroyer (Gargoyle Fire Elementalist) Turns: 15595, Time: 00:29:16

Health: -4/78      AC: 26    Str: 19    XL:     12   Next: 9%
Magic:  0/15       EV: 12    Int: 20    God:    Vehumet [***...]
Gold:   512        SH: 10    Dex: 14    Spells: 2/15 levels left

rFire   + . .      SeeInvis .    k - +3 dagger (elec)
rCold   . . .      Faith    .    E - +0 buckler of Nautidi {rN+}
rNeg    + + .      Spirit   .    o - +2 robe {rF+}
rPois   ∞          Reflect  +    z - +0 helmet
rElec   +          Harm     .    w - +2 cloak
rCorr   .          Rampage  .    (no gloves)
Will    .....                    J - +4 pair of boots of Agnosticism {+Blink Dex+4}
Stlth   ++........               G - amulet of reflection
HPRegen 0.23/turn                g - +6 ring of strength
MPRegen 0.14/turn                q - +4 ring of protection

@: no status effects
A: sickness immunity, AC +8, negative energy resistance 1, electricity
resistance, torment resistance 1, petrification resistance
a: Renounce Religion, Evoke Blink


You were on level 1 of the Lair of Beasts.
You worshipped Vehumet.
Vehumet was most pleased with you.
You visited 4 branches of the dungeon, and saw 13 of its levels.
You also visited: Ossuary and Bailey.

You collected 832 gold pieces.
You spent 320 gold pieces at shops.

Inventory:

Hand Weapons
 k - a +3 dagger of electrocution (weapon)
Armour
 o - a +2 robe of fire resistance (worn)
 w - a +2 cloak (worn)
 z - a +0 helmet (worn)
 E - the +0 buckler of Nautidi (worn) {rN+}
   (You found it on level 5 of the Dungeon)

   rN:        It protects you from negative energy.
 F - a +2 pair of boots of flying
 J - the +4 pair of boots of Agnosticism (worn) {+Blink Dex+4}
   (You acquired it in a bailey)

   Dex:       It affects your dexterity (+4).
   +Blink:    It lets you blink.
Magical Staves
 m - a staff of cold
 y - a staff of earth
Jewellery
 g - a +6 ring of strength (left hand)
 n - a ring of resist corrosion
 q - a +4 ring of protection (right hand)
 x - a +4 ring of slaying
 D - a ring of wizardry
 G - an amulet of reflection (around neck)
 M - an amulet of the acrobat
 O - a ring of flight
Wands
 b - a wand of light (11)
 p - a wand of flame (47)
 H - a wand of charming (6)
 I - a wand of iceblast (9)
 L - a wand of polymorph (5)
Scrolls
 a - 2 scrolls of brand weapon
 c - 2 scrolls of poison
 d - 5 scrolls of blinking
 e - 2 scrolls of noise
 f - 4 scrolls of teleportation
 h - 12 scrolls of identify
 B - 2 scrolls of enchant armour
 K - 4 scrolls of enchant weapon
Potions
 i - 7 potions of attraction
 j - 2 potions of mutation {unknown}
 l - 6 potions of curing
 r - 3 potions of degeneration {unknown}
 s - 2 potions of lignification {unknown}
 t - 3 potions of invisibility {unknown}
 u - 2 potions of berserk rage {unknown}
 v - a potion of ambrosia {unknown}
 A - 6 potions of heal wounds {unknown}
 C - 2 potions of magic
 N - a potion of resistance {unknown}
 P - a potion of brilliance {unknown}


   Skills:
 + Level 10.4 Fighting
 + Level 3.4 Armour
 + Level 3.1 Dodging
 - Level 2.1 Stealth
 - Level 4.0 Shields
 - Level 2.0 Spellcasting
 + Level 12.0 Conjurations
 + Level 11.4 Fire Magic


You had 2 spell levels left.
You knew the following spells:

 Your Spells              Type           Power      Damage    Failure   Level
a - Foxfire               Conj/Fire      100%       2x1d9     1%          1
b - Scorch                Fire           94%        2d10      1%          2
c - Flame Wave            Conj/Fire      49%        2d12      1%          4
d - Starburst             Conj/Fire      24%        6d8       7%          6

Your spell library contained the following spells:

 Spells                   Type           Power      Damage    Failure   Level
 Ignite Poison            Fire/Tmut/Pois 17%        N/A       3%          3
 Dazzling Flash           Conj/Hex       52%        N/A       1%          3
 Inner Flame              Hex/Fire       24%        N/A       1%          3
 Kindle Blastsparks       Fire/Tloc/Air  34%        2d12      3%          3
 Iskenderun's Mystic Bla  Conj/Tloc      26%        2d7       4%          4
 Call Canine Familiar     Summ           2%         N/A       52%         3
 Ozocubu's Armour         Ice            2%         N/A       52%         3
 Portal Projectile        Hex/Tloc       4%         N/A       52%         3
 Leda's Liquefaction      Hex/Erth       1%         N/A       89%         4
 Ozocubu's Refrigeration  Ice            1%         4d7       100%        7


Dungeon Overview and Level Annotations

Branches:
Dungeon (10/15)            Temple (1/1) D:5            Lair (1/5) D:10
    Orc (1/2) D:9         Ossuary (visited)          Bailey (visited)

Altars:
Ashenzari
Cheibriados
Dithmenos
Elyvilon
Fedhas
Gozag
Hepliaklqana
Kikubaaqudgha
Makhleb
Nemelex Xobeh
Okawaru
Qazlal
Ru
Sif Muna
Trog
Uskayaw
Vehumet
Wu Jian
Xom
Yredelemnul
Zin
The Shining One

Shops:
D:7 *[[*!

Annotations:
D:10 2 runed translucent doors, exclusion: orange crystal statue


Innate Abilities, Weirdness & Mutations

You are immune to sickness and miasma.
Your stone body is resilient. (AC +8)
You are immune to poison.
You resist negative energy. (rN+)
You are resistant to electric shocks. (rElec)
You are resistant to unholy torment.
You are immune to petrification.


Message History

You completely miss the cane toad.
The cane toad is almost dead.
The blink frog blinks!
You block the cane toad's attack.
The cane toad stings you but does no damage.
Casting: Foxfire (safe; 1% risk of failure)
Confirm with . or Enter, or press ? or * to list all spells.
You don't have enough magic to cast this spell.
You hit the cane toad.
The cane toad is almost dead.
You block the blink frog's attack. You block the cane toad's attack.
You hit the blink frog.
The blink frog is almost dead.
The blink frog hits you but does no damage.
The blink frog blinks!
You block the cane toad's attack.
You completely miss the blink frog.
The blink frog is almost dead.
The blink frog blinks! x2
The cane toad stings you but does no damage.
The cane toad attacks as you move away!
The cane toad stings you but does no damage.
The blink frog blinks!
You block the cane toad's attack.
You closely miss the cane toad.
The cane toad is almost dead.
You block the blink frog's attack. The blink frog hits you!
* * * LOW HITPOINT WARNING * * *
You block the cane toad's attack.
Casting: Foxfire (safe; 1% risk of failure)
Confirm with . or Enter, or press ? or * to list all spells.
You conjure some foxfire!
You block the blink frog's attack. The blink frog misses you.
You block the cane toad's attack. You block the blink frog's attack.
You hit the blink frog.
The blink frog is severely wounded.
The foxfire hits the blink frog.
The blink frog is almost dead.
The foxfire hits the blink frog.
The blink frog is almost dead.
The blink frog hits you but does no damage.
The blink frog blinks!
The cane toad stings you!
You die...

#.....................
#.....................
##.<..........††......
#.P######.###...##..#
#.## #####..## #P.#
#.F.# ##.# ##..# ..#
#...# #.# ##§@# ..
#FF## ## #†.P#
#+##..##..###
..........#.##+##
.................
............>....
.................
######...........


You could see a cane toad and 2 blink frogs.

Vanquished Creatures
  A centaur warrior (D:8)
  3 two-headed ogres
  An orc knight (Bailey)
  An orc sorcerer (Bailey)
  The ghost of Julmuri the Skirmisher, a novice MiHu (D:4)
  A gargoyle (D:8)
  An unseen horror zombie (D:8)
  A troll (D:9)
  Prince Ribbit (D:5)
  A slime creature (D:8)
  4 blink frogs (Lair:1)
  Sigmund (D:2)
  The ghost of Decritt the Vexing, an amateur SpHs (D:3)
  11 yaks
  A shadow (D:9)
  A wyvern (D:9)
  2 steam dragons
  2 water moccasins
  Duvessa (D:4)
  16 orc warriors
  3 ice beasts
  3 black bears
  2 sky beasts
  5 centaurs
  A phantom (D:4)
  A kobold brigand (D:8)
  3 bullfrogs
  2 gnoll sergeants
  A scorpion (D:7)
  5 necrophages
  8 wights
  Dowan (D:4)
  2 howler monkeys
  4 electric eels (Bailey)
  A human zombie (D:8)
  3 hounds
  5 orc priests
  A gnoll bouda (D:8)
  4 jellies
  Crazy Yiuf (D:3)
  Jessica (D:2)
  5 iguanas
  5 orc wizards
  A killer bee zombie (D:8)
  11 mummies
  3 howler monkey zombies (D:8)
  3 adders
  12 gnolls
  A shadow imp (D:5)
  2 white imps
  An ufetubus (D:7)
  2 worms
  A dart slug (D:4)
  34 orcs
  5 ball pythons
  10 bats
  3 endoplasms
  3 giant cockroaches
  19 goblins
  8 hobgoblins
  6 quokkas
  4 frilled lizards
  A gnoll zombie (Ossuary)
  3 hobgoblin zombies (Ossuary)
  11 kobolds
  2 kobold zombies (Ossuary)
  2 orc zombies (Ossuary)
  7 rats
274 creatures vanquished.

Vanquished Creatures (collateral kills)
  The ghost of generaletaddeo the Shooter, a novice DsWn of Fedhas (D:5)
1 creature vanquished.

Vanquished Creatures (others)
  A wizard (D:6)
  A white imp (D:7)
  1171 foxfires
1173 creatures vanquished.

Grand Total: 1448 creatures vanquished

Notes
Turn   | Place    | Note
-------+----------+-------------------------------------------
     0 | D:1      | Essalna the Gargoyle Fire Elementalist began the quest for
                  | the Orb.
     0 | D:1      | Reached XP level 1. HP: 10/10 MP: 3/3
   455 | D:1      | Reached XP level 2. HP: 11/15 MP: 0/5
   614 | D:1      | Found a faded altar of an unknown god.
  1212 | D:1      | Reached skill level 2 in Conjurations
  1734 | D:2      | Reached XP level 3. HP: 18/19 MP: 3/6
  1746 | D:2      | Learned a level 2 spell: Scorch
  1831 | D:2      | Noticed Sigmund
  1841 | D:2      | Killed Sigmund
  1842 | D:2      | Reached skill level 4 in Conjurations
  1842 | D:2      | Reached XP level 4. HP: 24/24 MP: 3/7
  1842 | D:2      | Reached XP level 5. HP: 28/28 MP: 3/8
  1964 | D:2      | Noticed Jessica
  1971 | D:2      | Killed Jessica
  2142 | D:2      | Reached skill level 5 in Fire Magic
  2193 | D:2      | Reached XP level 6. HP: 30/32 MP: 3/9
  2627 | D:3      | Noticed Decritt's ghost (amateur SpHs)
  2726 | D:3      | Found a runed translucent door.
  2760 | D:3      | Noticed a +0 dagger
  2762 | D:3      | Found a hide-covered altar of Uskayaw.
  2762 | D:3      | Noticed a +0 dagger
  2872 | D:3      | Found a runed translucent door.
  2873 | D:3      | Noticed Crazy Yiuf
  2926 | D:3      | Found a stormy altar of Qazlal.
  3224 | D:3      | Killed Decritt's ghost
  3225 | D:3      | Reached skill level 1 in Shields
  3225 | D:3      | Reached skill level 5 in Conjurations
  3305 | D:3      | Killed Crazy Yiuf
  3306 | D:3      | Reached XP level 7. HP: 36/36 MP: 3/10
  3451 | D:4      | Noticed a steam dragon
  3456 | D:4      | Found a snail-covered altar of Cheibriados.
  3461 | D:4      | Killed a steam dragon
  3534 | D:4      | Found a runed translucent door.
  3534 | D:4      | Noticed Julmuri's ghost (novice MiHu)
  3672 | D:4      | Found a sand-covered staircase.
  3676 | Ossuary  | Entered an ossuary
  3917 | Ossuary  | Reached skill level 6 in Conjurations
  4458 | D:4      | Learned a level 4 spell: Flame Wave
  5034 | D:5      | Entered Level 5 of the Dungeon
  5095 | D:5      | Found a blossoming altar of Fedhas.
  5100 | D:5      | Reached XP level 8. HP: 42/42 MP: 4/11
  5275 | D:5      | Reached skill level 1 in Fighting
  5325 | D:5      | Noticed Prince Ribbit
  5345 | D:5      | Killed Prince Ribbit
  5427 | D:5      | Found a glowing golden altar of the Shining One.
  5434 | D:5      | Noticed Duvessa
  5434 | D:5      | Noticed Dowan
  5448 | D:4      | Killed Duvessa
  5523 | D:4      | Killed Dowan
  5738 | D:5      | Identified the +0 buckler of Nautidi {rN+}
  5883 | D:5      | Found a large runed translucent door.
  5883 | D:5      | Found a large runed translucent door.
  5885 | D:5      | Noticed generaletaddeo's ghost (novice DsWn)
  5978 | D:5      | Found a staircase to the Ecumenical Temple.
  6006 | Temple   | Entered the Ecumenical Temple
  6069 | Temple   | Became a worshipper of Vehumet
  6194 | D:5      | Killed generaletaddeo's ghost
  6195 | D:5      | Reached skill level 7 in Conjurations
  6195 | D:5      | Reached XP level 9. HP: 46/52 MP: 1/12
  6651 | D:4      | Killed Julmuri's ghost
  6652 | D:4      | Reached skill level 5 in Fighting
  6652 | D:4      | Reached skill level 8 in Conjurations
  7850 | D:6      | Found a bloodstained altar of Trog.
  7851 | D:6      | Noticed a wizard
  7857 | D:6      | Killed a wizard
  8038 | D:7      | Found Naedgh's Antique Armour Boutique.
  8298 | D:7      | Found Fietega's Distillery.
  8305 | D:7      | Reached skill level 9 in Conjurations
  8349 | D:7      | Found Qahutsei's Assorted Antiques.
  8355 | D:7      | Reached * piety under Vehumet
  8355 | D:7      | Offered knowledge of Magic Dart by Vehumet.
  8361 | D:7      | Reached XP level 10. HP: 61/61 MP: 0/13
  8532 | D:7      | Bought a shiny gilded ring for 140 gold pieces
  8544 | D:7      | Found Osarph's Antique Armour Emporium.
  8553 | D:7      | Bought a pair of glowing boots for 180 gold pieces
  8714 | D:7      | Found Rypem's Assorted Antiques.
  9147 | D:8      | Identified the +6 spear "X" {vamp, rF- rC+ rN+ Str+2}
  9473 | D:8      | Found an ancient bone altar of Kikubaaqudgha.
  9559 | D:8      | Found a broken altar of Ashenzari.
  9646 | D:8      | Found a shimmering altar of Xom.
  9681 | D:8      | Reached skill level 10 in Conjurations
  9758 | D:8      | Reached ** piety under Vehumet
  9828 | D:8      | Offered knowledge of Sandblast by Vehumet.
 10182 | D:8      | Noticed a centaur warrior
 10191 | D:8      | Noticed a gargoyle
 10204 | D:8      | Killed a centaur warrior
 10205 | D:8      | Reached skill level 10 in Fire Magic
 10617 | D:8      | Killed a gargoyle
 10618 | D:8      | Reached XP level 11. HP: 69/69 MP: 9/14
 10837 | D:9      | Found a staircase to the Orcish Mines.
 10849 | D:10     | Entered Level 10 of the Dungeon
 10874 | D:9      | Found a flagged portal.
 10898 | Bailey   | Entered a bailey
 11148 | Bailey   | Noticed an orc knight
 11173 | Bailey   | Killed an orc knight
 11174 | Bailey   | Reached skill level 11 in Conjurations
 11729 | Bailey   | Acquired the +4 pair of boots of Agnosticism {+Blink Dex+4}
 11808 | Bailey   | Noticed an orc sorcerer
 11820 | Bailey   | Noticed a sun demon
 11918 | Bailey   | HP: 3/71 [red devil/+1 vampiric demon trident[an orc
                  | sorcerer] (10)]
 12213 | Bailey   | Offered knowledge of Frozen Ramparts by Vehumet.
 12566 | Bailey   | Reached *** piety under Vehumet
 12774 | Bailey   | Found an iron altar of Okawaru.
 12796 | Bailey   | Killed an orc sorcerer
 13253 | Bailey   | Noticed a soul eater
 13397 | D:9      | Noticed a two-headed ogre
 13422 | D:9      | Killed a two-headed ogre
 13793 | D:9      | Noticed a two-headed ogre
 13796 | D:9      | Killed a two-headed ogre
 13797 | D:9      | Reached skill level 1 in Armour
 13915 | D:9      | Offered knowledge of Ignite Poison by Vehumet.
 13923 | D:9      | Reached skill level 10 in Fighting
 14439 | Orc:1    | Entered Level 1 of the Orcish Mines
 14439 | Orc:1    | Noticed an orc warlord
 14439 | Orc:1    | Noticed an orc sorcerer
 14441 | Orc:1    | Noticed a soul eater
 14561 | D:10     | Learned a level 6 spell: Starburst
 14807 | D:10     | Found a white marble altar of Elyvilon.
 14952 | D:10     | Found a runed translucent door.
 14957 | D:10     | Identified the +2 pair of gloves of the Elephant {Harm
                  | Str-5 Int+3}
 14968 | D:10     | Found a runed translucent door.
 14980 | D:10     | Found a runed translucent door.
 15001 | D:10     | Found a runed translucent door.
 15049 | D:10     | Found a staircase to the Lair.
 15055 | D:10     | Noticed a two-headed ogre
 15065 | D:10     | Killed a two-headed ogre
 15066 | D:10     | Reached XP level 12. HP: 69/78 MP: 7/15
 15432 | Lair:1   | Entered Level 1 of the Lair of Beasts
 15458 | Lair:1   | Reached skill level 12 in Conjurations
 15595 | Lair:1   | Slain by a cane toad

Illustrated notes

Levels and vault maps discovered:
D:1:      minmay_arrival_diagonal_passages, layout_loops_corners,
          basic_ecumenical_altar, minmay_misc_feat_pillars,
          chequers_serial_rivers_marsh, minmay_split_cup_small
D:2:      minmay_alternating_diamond, layout_rooms, grunt_ministairs_6,
          uniq_sigmund, uniq_jessica
D:3:      layout_rooms, dancing_weapons_uskayaw,
          nicolae_qazlal_scattered_showers, hellmonk_ghost_happy_afterlife,
          grunt_ministairs_1, uniq_crazy_yiuf_cottage
D:4:      layout_basic, mainiacjoe_overflow_small_starburst,
          ebering_ghost_inner_flame, enter_ossuary_5
D:5:      layout_gridville, old_standard_altar, tso_metal_star,
          minmay_temple_entry_enclosed_plants, ebering_ghost_disaster_area,
          uniq_prince_ribbit1, uniq_duvessa
D:6:      layout_cave_pools, trog_wizard
D:7:      minmay_general_purpose_star, layout_rooms, serial_shops,
          kennysheep_mini, nicolae_shop_hallway_stairs, nicolae_diamond_shop,
          nicolae_shop_behind_doors, nicolae_shop_overgrown_old_shop,
          kennysheep_nub
D:8:      minmay_cornered_nines, layout_loops_ring,
          mainiacjoe_overflow_alcove_2,
          mainiacjoe_overflow_concentric_impassable,
          lemuel_mausoleum_altar_kikubaaqudgha, minivault_27
D:9:      layout_loops_cross, david_orc_3, enter_bailey_3,
          roderic_serpentine_path
D:10:     layout_small_grid, elyvilon_altar_4, lair_entry_dummy,
          minmay_statue_crystal_thing
Temple:   nicolae_temple_godzebo
Lair:1:   layout_regular_city, grunt_megastairs_2
Orc:1:    layout_diamond_mine

Skill      XL: |  1  2  3  4  5  6  7  8  9 10 11 12 |
---------------+-------------------------------------+-----
Conjurations   | 2 4 5 6 7 9 10 11 12 | 12.0
Fire Magic     | 4 5 6 7 8 10 11 | 11.4
Shields        | 2 3 4 |  4.0
Fighting       | 4 6 8 10 | 10.4
Armour         | 3 |  3.4
Dodging        | 2 3 |  3.1
Stealth        | |  2.1
Spellcasting   | |  2.0

Action                   |  1- 3 |  4- 6 |  7- 9 | 10-12 || total
-------------------------+-------+-------+-------+-------++-------
Melee: Unarmed           |    30 |       |       |       ||    30
       Punch             |     1 |       |       |       ||     1
       Dagger            |     7 |    56 |    59 |   351 ||   473
 Cast: Foxfire           |    60 |    53 |   207 |   354 ||   674
       Scorch            |       |     7 |    37 |    67 ||   111
       Starburst         |       |       |       |     3 ||     3
       Flame Wave        |       |       |       |     2 ||     2
 Abil: Evoke Blink       |       |       |       |     1 ||     1
  Use: Potion            |     1 |       |       |     2 ||     3
       Scroll            |       |       |    13 |     7 ||    20
 Stab: Sleeping          |       |     1 |       |     4 ||     5
       Distracted        |       |       |     1 |       ||     1
Armor: Robe              |    15 |    25 |    49 |   230 ||   319
Dodge: Dodged            |    31 |    31 |    56 |   216 ||   334
Block: Buckler           |       |     7 |    22 |   266 ||   295
       Reflection        |       |       |       |    11 ||    11

Table legend: (Time is in decaauts)
 A = Elapsed time spent in this place.
 B = Non-inter-level travel time spent in this place.
 C = Inter-level travel time spent in this place.
 D = Time resting spent in this place.
 E = Time spent auto-exploring this place.
 F = Levels seen in this place.
 G = Mean time per level.
                   A        B        C        D        E       F      G
               +--------+--------+--------+--------+--------+-----+--------+
         Total |  15659 |  15120 |    539 |    307 |  12004 |  15 | 1043.9 |
       Dungeon |  12367 |  11852 |    515 |    307 |   9636 |  10 | 1236.7 |
        Temple |     88 |     64 |     24 |      0 |     36 |   1 |   88.0 |
          Lair |    162 |    162 |      0 |      0 |    109 |   1 |  162.0 |
  Orcish Mines |      5 |      5 |      0 |      0 |      0 |   1 |    5.0 |
       Ossuary |    548 |    548 |      0 |      0 |    454 |   1 |  548.0 |
        Bailey |   2486 |   2486 |      0 |      0 |   1769 |   1 | 2486.0 |
               +--------+--------+--------+--------+--------+-----+--------+

Top non-repeatable levels by time:
  Bailey: 2486 daAuts
     D:8: 1832 daAuts
     D:4: 1645 daAuts
     D:1: 1425 daAuts
     D:5: 1319 daAuts
     D:2: 1204 daAuts
     D:7: 1123 daAuts
     D:9: 1121 daAuts
    D:10: 996 daAuts
     D:6: 880 daAuts
     D:3: 817 daAuts
 Ossuary: 548 daAuts
  Lair:1: 162 daAuts
  Temple: 88 daAuts
   Orc:1: 5 daAuts
